 Dungeon Crawl Stone Soup version 0.30.0-11-gf55b779eaf (webtiles) character file.

Game seed: 13940606259392492986

3322 JanusIIV the Spear-Bearer (level 10, -1/76 HPs)
             Began as a Merfolk Warper on May 16, 2023.
             Was a Follower of Cheibriados.
             Succumbed to a kobold brigand's curare-tipped dart
             ... on level 7 of the Dungeon.
             The game lasted 00:22:30 (7603 turns).

JanusIIV the Spear-Bearer (Merfolk Warper)          Turns: 7603, Time: 00:22:30

Health: -1/76      AC: 10    Str: 17    XL:     10   Next: 2%
Magic:  1/14       EV: 13    Int: 14    God:    Cheibriados [*.....]
Gold:   399        SH:  0    Dex: 17    Spells: 7/15 levels left

rFire   + + .        y - +0 trident (elec)
rCold   . . .        (no shield)
rNeg    . . .        e - +0 scale mail
rPois   .            (no helmet)
rElec   .            (no cloak)
rCorr   .            E - +1 pair of gloves
SInv    .            n - +0 pair of boots
Will    .....        B - amulet of guardian spirit Stlth
                     f - ring of protection from fire
HPRegen 0.32/turn    p - ring of protection from fire
MPRegen 0.14/turn

%: guardian spirit
@: lethally poisoned (-1 -> -8), very slow
A: (nimble swimmer 2), mertail
a: Renounce Religion, Bend Time


You were on level 7 of the Dungeon.
You worshipped Cheibriados.
Cheibriados was aware of your devotion.
You visited 2 branches of the dungeon, and saw 8 of its levels.

You collected 399 gold pieces.

Inventory:

Hand Weapons
 y - a +0 trident of electrocution (weapon)
Missiles
 d - 3 boomerangs of dispersal (quivered)
Armour
 e - a +0 scale mail (worn)
 n - a +0 pair of boots (worn)
 E - a +1 pair of gloves (worn)
Jewellery
 a - a ring of positive energy
 f - a ring of protection from fire (left hand)
 p - a ring of protection from fire (right hand)
 B - an amulet of guardian spirit (around neck)
 C - a ring of willpower
Wands
 m - a wand of digging (6)
 F - a wand of polymorph (14)
Scrolls
 k - 9 scrolls of identify
 o - a scroll of brand weapon
 q - a scroll of amnesia
 s - 2 scrolls of enchant armour
 u - a scroll of noise {unknown}
 w - a scroll of enchant weapon {unknown}
 x - a scroll of teleportation {unknown}
 D - 2 scrolls of poison {unknown}
Potions
 b - 3 potions of might
 c - 2 potions of degeneration
 g - a potion of haste {unknown}
 i - a potion of cancellation
 l - a potion of magic {unknown}
 t - a potion of brilliance {unknown}
 v - 2 potions of flight {unknown}
 z - 2 potions of resistance {unknown}
 A - 3 potions of attraction {unknown}


   Skills:
 - Level 6.0 Fighting
 + Level 11.7 Polearms
 + Level 1.0 Throwing
 - Level 4.0 Armour
 - Level 8.0 Dodging
 + Level 3.2 Spellcasting
 - Level 2.7 Summonings
 - Level 3.3 Translocations


You had 7 spell levels left.
You knew the following spells:

 Your Spells              Type           Power      Damage    Failure   Level
a - Blink                 Tloc           22%        N/A       26%         2
b - Vhi's Electric Charg  Tloc/Air       12%        N/A       71%         3
c - Call Canine Familiar  Summ           9%         N/A       54%         3

Your spell library contained the following spells:

 Spells                   Type           Power      Damage    Failure   Level
 Summon Small Mammal      Summ           36%        N/A       22%         1
 Lesser Beckoning         Tloc           22%        N/A       26%         2
 Call Imp                 Summ           18%        N/A       32%         2
 Teleport Other           Tloc           11%        N/A       45%         3
 Magic Dart               Conj           8%         1d3       56%         1
 Necrotise                Necr           8%         1d4       56%         1
 Summon Guardian Golem    Hex/Summ       6%         N/A       75%         3
 Manifold Assault         Tloc           11%        N/A       86%         4
 Mephitic Cloud           Conj/Pois/Air  2%         N/A       90%         3
 Stone Arrow              Conj/Erth      4%         3d7       90%         3
 Vampiric Draining        Necr           2%         2d6       90%         3
 Animate Armour           Summ/Erth      12%        N/A       98%         4
 Agony                    Necr           2%         N/A       100%        5
 Lehudib's Crystal Spear  Conj/Erth      1%         10d2      100%        8


Dungeon Overview and Level Annotations

Branches:
Dungeon (7/15)             Temple (1/1) D:7

Altars:
Cheibriados
Dithmenos
Elyvilon
Fedhas
Gozag
Hepliaklqana
Kikubaaqudgha
Makhleb
Nemelex Xobeh
Qazlal
Ru
Sif Muna
Trog
Uskayaw
Wu Jian
Xom
Yredelemnul
Zin
The Shining One

Shops:
D:2 =   D:5 *


Innate Abilities, Weirdness & Mutations

((You are very nimble when in or above water. (Stealth+, EV+, Speed+++)))
Your lower body shifts to a powerful aquatic tail in water.


Message History

The orc wizard flickers and vanishes!
Deactivating autopickup; reactivate with Ctrl-A.
The sky beast flickers out of sight!
You feel very sick.
You puncture the sleepcap!
The sleepcap is heavily damaged.
You feel sick. The sleepcap releases spores at you.
* * * LOW HITPOINT WARNING * * *
You impale the sleepcap!!
You destroy the sleepcap!
Cheibriados appreciates the change of pace.
You feel sick.
You feel sick.
Found a club.
You feel sick.
You feel sick.
You feel better. Something hits you but does no damage.
Something hits you but does no damage.
You feel yourself speed up.
The kobold brigand throws a curare-tipped dart.
The curare-tipped dart hits you.
You are poisoned.
You have difficulty breathing.
* * * LOW HITPOINT WARNING * * *
You feel yourself slow down. Something hits you but does no damage.
You closely miss something.
* * * LOW HITPOINT WARNING * * *
You feel very sick. Something hits you but does no damage.
You miss something.
* * * LOW HITPOINT WARNING * * *
You feel sick. Something hits you.
* * * LOW HITPOINT WARNING * * *
Something shocks you.
* * * LOW HITPOINT WARNING * * *
It was a potion of cancellation.
Your magical effects are unravelling.
You feel magically purged.
You feel yourself speed up.
You feel a little less mighty now.
You die...

.# ........#
.# ###.....
......<.. .#
#......
#######.# .#
###.#... #.#
...<# ......#
#.# ###..
#.)...# #.# #
. #.....# #.#
# ####.....##
#.#
##....@....#
##.#
#.....{....#
##...
#..........#.#
##....
#.#......K...#
#..... #
#.#...##..##
##....
#.#.#...##..#
####...
........##..#
#......
#.#.###.##..#
#...... #.
#)##..#
#......


You could see a kobold brigand.

Vanquished Creatures
  Grinder (D:6)
  3 dream sheep (D:7)
  Sigmund (D:5)
  A steam dragon (D:6)
  Edmund (D:6)
  2 water moccasins (D:7)
  An ice beast (D:6)
  2 black bears
  A sky beast (D:6)
  2 ogres (D:6)
  A phantom (D:5)
  Blork the orc (D:6)
  4 bullfrogs
  3 scorpions
  6 orc priests
  A gnoll bouda (D:7)
  2 hounds
  2 sleepcaps (D:7)
  4 orc wizards
  Natasha (D:2)
  5 iguanas
  6 gnolls
  14 adders
  A shadow imp (D:7)
  2 ufetubi (D:4)
  A dart slug (D:2)
  17 orcs
  7 endoplasms
  4 giant cockroaches
  10 hobgoblins
  3 jackals (D:5)
  4 quokkas
  10 ball pythons
  8 bats
  3 frilled lizards
  6 goblins
  10 kobolds
  9 rats
160 creatures vanquished.

Notes
Turn   | Place    | Note
-------+----------+-------------------------------------------
     0 | D:1      | JanusIIV the Merfolk Warper began the quest for the Orb.
     0 | D:1      | Reached XP level 1. HP: 16/16 MP: 3/3
   138 | D:1      | Reached skill level 3 in Polearms
   171 | D:1      | Reached XP level 2. HP: 3/23 MP: 5/5
   318 | D:1      | Found a faded altar of an unknown god.
   642 | D:1      | Reached XP level 3. HP: 28/28 MP: 6/6
   652 | D:1      | Reached skill level 4 in Polearms
   991 | D:2      | Reached XP level 4. HP: 23/32 MP: 7/7
  1121 | D:2      | Noticed Natasha
  1135 | D:2      | Killed Natasha
  1136 | D:2      | Reached skill level 5 in Polearms
  1214 | D:2      | Found Afeigg's Jewellery Boutique.
  1658 | D:3      | Reached XP level 5. HP: 41/41 MP: 8/8
  2134 | D:3      | Reached skill level 6 in Polearms
  2671 | D:4      | Reached XP level 6. HP: 38/48 MP: 9/9
  2750 | D:4      | Reached skill level 7 in Polearms
  3649 | D:5      | Entered Level 5 of the Dungeon
  3669 | D:5      | Found Ujis's Fire Supplies.
  3715 | D:5      | Reached skill level 8 in Polearms
  3806 | D:5      | Reached XP level 7. HP: 55/55 MP: 10/10
  3829 | D:5      | Reached skill level 5 in Fighting
  4172 | D:5      | Reached skill level 1 in Armour
  4655 | D:5      | Noticed Sigmund
  4686 | D:5      | Killed Sigmund
  4687 | D:5      | Reached XP level 8. HP: 39/64 MP: 7/11
  5102 | D:5      | Found a glowing golden altar of the Shining One.
  5115 | D:5      | Learned a level 2 spell: Blink
  5119 | D:5      | Learned a level 3 spell: Vhi's Electric Charge
  5123 | D:5      | Learned a level 3 spell: Stone Arrow
  5145 | D:6      | Found a white marble altar of Elyvilon.
  5356 | D:6      | Noticed Edmund
  5406 | D:6      | Killed Edmund
  5535 | D:6      | Learned a level 3 spell: Call Canine Familiar
  5557 | D:6      | Noticed Blork the orc
  5568 | D:6      | Killed Blork the orc
  5569 | D:6      | Reached skill level 5 in Dodging
  6024 | D:6      | Reached skill level 1 in Summonings
  6024 | D:6      | Reached XP level 9. HP: 40/69 MP: 7/12
  6541 | D:6      | Noticed Grinder
  6544 | D:6      | Paralysed by Grinder for 2 turns
  6551 | D:6      | Paralysed by Grinder for 5 turns
  6559 | D:6      | Paralysed by Grinder for 5 turns
  6570 | D:6      | Killed Grinder
  7037 | D:7      | Found a staircase to the Ecumenical Temple.
  7051 | Temple   | Entered the Ecumenical Temple
  7066 | Temple   | Became a worshipper of Cheibriados the Contemplative
  7160 | D:7      | Reached skill level 9 in Polearms
  7211 | D:7      | Found a glowing silver altar of Zin.
  7212 | D:7      | Found a blossoming altar of Fedhas.
  7272 | D:7      | Reached skill level 10 in Polearms
  7292 | D:7      | Reached skill level 11 in Polearms
  7527 | D:7      | Noticed Maggie
  7533 | D:7      | Maggie changed into Maggie the water moccasin
  7533 | D:7      | Noticed Maggie
  7547 | D:7      | Killed Maggie the water moccasin
  7548 | D:7      | Reached XP level 10. HP: 46/76 MP: 9/14
  7550 | D:7      | Reached * piety under Cheibriados
  7602 | D:7      | HP: 1/76 [something (3)]
  7603 | D:7      | Succumbed to a kobold brigand's curare-tipped dart

Illustrated notes

Levels and vault maps discovered:
D:1:      dpeg_arrival_tiny_a, layout_basic, serial_glass, glass_columns_a,
          glass_columns_b, shapermc_ecumenical_altar_starsandcircs
D:2:      layout_rooms, serial_shops, nicolae_shop_tiny_glass,
          hangedman_decor_growths, nicolae_figureground_sparkle, uniq_natasha
D:3:      layout_loops_ring
D:4:      layout_loops_ring
D:5:      layout_loops_ring, nicolae_tso_swordbearing_angel,
          nicolae_shop_fire_sale [nicolae_sub_dead_trees], bh_walls_and_bars,
          uniq_sigmund
D:6:      layout_gridville, mainiacjoe_overflow_tiny_flanked,
          uniq_blork_the_orc, uniq_edmund, uniq_grinder
D:7:      layout_loops_ring, nicolae_overflow_squiral,
          minmay_temple_entry_gardened_gates, dreamdust_gnoll_shepherd,
          uniq_maggie
Temple:   eino_wide_crystal_templ

Skill      XL: |  1  2  3  4  5  6  7  8  9 |
---------------+----------------------------+-----
Polearms       | 3 4 5 6 8 11 | 11.7
Fighting       | 3 4 6 |  6.0
Armour         | 3 4 |  4.0
Dodging        | 3 8 |  8.0
Summonings     | 1 2 |  2.7
Translocations | 3 |  3.3
Spellcasting   | 3 |  3.2
Throwing       | |  1.0

Action                     |  1- 3 |  4- 6 |  7- 9 | 10-12 || total
---------------------------+-------+-------+-------+-------++-------
  Melee: Spear             |   181 |   223 |       |       ||   404
         Punch             |     1 |     3 |     5 |       ||     9
         Trident           |       |    83 |   417 |    15 ||   515
  Throw: Boomerang         |       |       |     4 |       ||     4
  Evoke: Wand              |       |       |     1 |       ||     1
    Use: Potion            |     2 |     2 |     5 |     5 ||    14
         Scroll            |       |       |     8 |     2 ||    10
 Armour: Scale mail        |    54 |    76 |   105 |     8 ||   243
         Skin              |    58 |     4 |       |       ||    62
  Dodge: Dodged            |    85 |   104 |   143 |     5 ||   337
